 Dungeon Crawl Stone Soup version 0.31.0-11-ge490571c62 (webtiles) character file.

Game seed: 12179572310062375486

132 Gadfly the Ruffian (level 4, -6/33 HPs)
             Began as a Demonspawn Shapeshifter on Jan 27, 2024.
             Mangled by a gnoll
             ... wielding a +0 flail
              (8 damage)
             ... on level 5 of the Dungeon.
             The game lasted 00:02:14 (2035 turns).

Gadfly the Ruffian (Demonspawn Shapeshifter)        Turns: 2035, Time: 00:02:15

Health: -6/33      AC:  5    Str: 16    XL:     4   Next: 92%
Magic:  4/4        EV: 12    Int: 11    God:
Gold:   105        SH:  9    Dex: 12    Spells: 3/3 levels left

rFire   . .          .
                       - Unarmed
rCold   . . .        (no shield)
rNeg    . . .        a - +0 animal skin
rPois   .            (helmet currently unavailable)
rElec   .            (cloak currently unavailable)
rCorr   .            (gloves currently unavailable)
SInv    .            (boots currently unavailable)
Will    .....        f - amulet of reflection
Stlth   +            (no ring)
HPRegen 0.25/turn    (no ring)
MPRegen 0.09/turn

%: reflection
@: beast-form
A: beast (slay +1), yellow scales 2, condensation shield
a: Begin Untransformation


You were on level 5 of the Dungeon.
You were a hulking beast.
You visited 1 branch of the dungeon, and saw 5 of its levels.

You collected 105 gold pieces.

Inventory:

Armour
 a - a +0 animal skin (worn)
Jewellery
 f - an amulet of reflection (around neck)
 j - a +6 ring of dexterity
Talismans
 c - a beast talisman
 d - a flux talisman
Scrolls
 g - a scroll of poison {unknown}
 h - a scroll of teleportation
Potions
 b - a potion of lignification
 e - a potion of curing
 i - a potion of haste {unknown}


   Skills:
 + Level 1.9 Fighting
 * Level 2.9 Dodging
 + Level 3.1 Unarmed Combat
 * Level 2.2 Evocations
 + Level 3.0 Shapeshifting


You had 3 spell levels left.
You didn't know any spells.
Your spell library contained the following spells:

 Spells                   Type           Power      Damage    Failure   Level
 Cigotuvi's Dreadful Rot  Necr/Alch/Air  0%         N/A       47%         2
 Dispel Undead            Necr           0%         3d6       98%         4
 Martyr's Knell           Necr/Summ      0%         N/A       98%         4
 Death Channel            Necr           0%         N/A       100%        6


Dungeon Overview and Level Annotations

Branches:
Dungeon (5/15)
 Temple: D:4-7

Altars:
Xom


Innate Abilities, Weirdness & Mutations

You are a hulking beast.
Your limbs bulge with bestial killing power. (Slay +1)
You are mostly covered in yellow scales. (AC +3)
A meltable shield of frost defends you. (SH +4)


Message History

You barely miss the gnoll.
The gnoll is almost dead.
The gnoll hits you but does no damage. You block the gnoll's attack.
The gnoll hits you from afar with a +0 spear.
The gnoll attacks as it pursues you! The gnoll hits you but does no damage.
The gnoll attacks as it pursues you! The gnoll barely misses you.
The gnoll attacks as it pursues you! The gnoll barely misses you.
You hit the gnoll but do no damage.
The gnoll is almost dead.
You block the gnoll's attack.
You barely miss the gnoll.
The gnoll is almost dead.
You hit the gnoll but do no damage.
The gnoll is almost dead.
The gnoll hits you with a +0 whip.
You hit the gnoll but do no damage.
The gnoll is almost dead.
You block the gnoll's attack.
You closely miss the gnoll.
The gnoll is almost dead.
The gnoll barely misses you.
You hit the gnoll.
You kill the gnoll!
The gnoll attacks as it pursues you! The gnoll barely misses you.
There is a stone staircase leading down here.
The gnoll barely misses you. You block the gnoll's attack.
You climb downwards.
Found a stone staircase leading down.
There is a stone staircase leading up here.
You barely miss the gnoll. The gnoll hits you with a +0 flail!
* * * LOW HITPOINT WARNING * * *
You hit the gnoll.
The gnoll is lightly wounded.
The gnoll hits you with a +0 flail.
* * * LOW HITPOINT WARNING * * *
A scorpion comes into view.
You hit the gnoll.
The gnoll is moderately wounded.
The gnoll hits you with a +0 flail!
You die...

# # #. .+##
#.#####...#.
.#.#...........
>..............
.......h...#
####..g........
#.######.... ..
..s ## .


You could see a scorpion and a gnoll.

Vanquished Creatures
  4 adders
  A gnoll (D:4)
  A ribbon worm (D:4)
  An orc (D:3)
  6 endoplasms
  4 giant cockroaches
  8 goblins
  4 hobgoblins
  3 kobolds
  A quokka (D:2)
  2 ball pythons (D:2)
  3 bats (D:2)
  3 frilled lizards
  5 rats
46 creatures vanquished.

Vanquished Creatures (others)
  A bombardier beetle (D:4)
1 creature vanquished.

Grand Total: 47 creatures vanquished

Notes
Turn   | Place    | Note
-------+----------+-------------------------------------------
     0 | D:1      | Gadfly the Demonspawn Shapeshifter began the quest for the
                  | Orb.
     0 | D:1      | Reached XP level 1. HP: 15/15 MP: 1/1
   152 | D:1      | Gained mutation: A meltable shield of frost defends you.
                  | (SH +4) [demonic ancestry]
   152 | D:1      | Reached XP level 2. HP: 7/21 MP: 2/2
   267 | D:1      | Reached skill level 1 in Evocations
   845 | D:2      | Found a shimmering altar of Xom.
   877 | D:2      | Gained mutation: You are partially covered in yellow
                  | scales. (AC +2) [demonic ancestry]
   877 | D:2      | Reached XP level 3. HP: 16/26 MP: 3/3
  1572 | D:3      | Gained mutation: You are mostly covered in yellow scales.
                  | (AC +3) [demonic ancestry]
  1572 | D:3      | Reached XP level 4. HP: 32/32 MP: 4/4
  1765 | D:3      | Identified the +1 ring mail of Forking Paths {*Corrode
                  | rElec Dex+6}
  1768 | D:3      | You fall into a shaft and drop 1 floor!
  2032 | D:5      | Entered Level 5 of the Dungeon
  2034 | D:5      | Noticed a scorpion
  2035 | D:5      | Mangled by a gnoll

Illustrated notes

Levels and vault maps discovered:
D:1:      saegor_arrival_fortress, layout_loops_ring
D:2:      layout_rooms, basic_altar, kennysheep_path_1,
          minmay_misc_feat_secret_circle
D:3:      layout_loops_corners, trog_hazing_becter
D:4:      layout_basic, mainiacjoe_overflow_tiny_flanked
D:5:      dreamdust_elfheim, layout_basic, mainiacjoe_overflow_divided_tiny,
          minmay_temple_entry_proselytizer, ebering_ghost_rock_garden,
          guppyfry_early_lair_pool, uniq_crazy_yiuf_cottage, uniq_eustachio,
          uniq_ijyb

Skill      XL: |  1  2  3  4 |
---------------+-------------+-----
Dodging        | 2 |  2.9
Evocations     | 1 2 |  2.2
Unarmed Combat | 3 |  3.1
Shapeshifting  | 3 |  3.0
Fighting       | |  1.9

Action                     |  1- 3 |  4- 6 || total
---------------------------+-------+-------++-------
  Melee: Unarmed           |   115 |    45 ||   160
         Punch             |     2 |     1 ||     3
    Use: Scroll            |     5 |     1 ||     6
   Stab: Sleeping          |       |     1 ||     1
 Armour: Animal skin       |    41 |    18 ||    59
  Dodge: Dodged            |    40 |    17 ||    57
  Block: Other             |    31 |    18 ||    49
         Reflection        |       |     1 ||     1
